 Dungeon Crawl Stone Soup version 0.30-a0-149-g7f746667c4 (webtiles) character file.

Game seed: 6656222481913499070

6 domi the Trooper (level 1, 0/21 HPs)
             Began as a Naga Fighter on Sept 26, 2022.
             Slain by a goblin
             ... wielding a +0 dagger
              (1 damage)
             ... on level 1 of the Dungeon.
             The game lasted 00:01:21 (81 turns).

domi the Trooper (Naga Fighter)                       Turns: 81, Time: 00:01:21

Health: 0/21       AC:  3    Str: 18    XL:     1   Next: 90%
Magic:  1/1        EV:  7    Int:  8    God:
Gold:   0          SH:  4    Dex: 10    Spells: 0/0 levels left

rFire   . . .      SeeInvis +    a - +0 rapier
rCold   . . .      Faith    .    c - +0 buckler
rNeg    . . .      Spirit   .    b - +0 scale mail
rPois   +          Reflect  .    (no helmet)
rElec   .          Harm     .    (no cloak)
rCorr   .          Rampage  .    (no gloves)
Will    .....                    (no barding)
Stlth   ..........               (no amulet)
HPRegen 0.07/turn                (no ring)
MPRegen 0.07/turn                (no ring)

@: very slow
A: AC +0, large, see invisible, deformed body, poison resistance, slowness 2,
spit poison 1, naga tail 1
a: Spit Poison


You were on level 1 of the Dungeon.
You visited 1 branch of the dungeon, and saw 1 of its levels.

Inventory:

Hand Weapons
 a - a +0 rapier (weapon)
Armour
 b - a +0 scale mail (worn)
 c - a +0 buckler (worn)
Potions
 d - a potion of might


   Skills:
 + Level 3.2 Fighting
 - Level 2.0 Short Blades
 - Level 2.4 Armour
 - Level 2.6 Shields
 + Level 0.9 Unarmed Combat


You couldn't memorise any spells.
You didn't know any spells.
Your spell library contained the following spells:

 Spells                   Type           Power      Damage    Failure   Level
 Slow                     Hex            0%         N/A       86%         1
 Confusing Touch          Hex            0%         N/A       99%         3
 Vampiric Draining        Necr           0%         2d6       99%         3


Dungeon Overview and Level Annotations

Branches:
Dungeon (1/15)

Altars:


Innate Abilities, Weirdness & Mutations

Your serpentine skin is tough. (AC +0)
You have supernaturally acute eyesight. (SInv)
Armour fits poorly on your strangely shaped body.
Your system is resistant to poisons. (rPois)
You cover ground very slowly.
You can spit poison.
You have a snake-like lower body.


Message History

The heart of this dungeon contains the wondrous artefact, the Orb of Zot.
Found a staircase leading out of the dungeon.
Enter note: Unknown command.
Unknown command.
Unknown command.
Unknown command.
Unknown command.
Unknown command.
Unknown command.
Unknown command.
Unknown command.
Unknown command.
Unknown command.
Unknown command.
Unknown command.
Unknown command.
Unknown command.
Unknown command.
Unknown command.
Unknown command.
You open the door.
There is an open door here.
You pick up a book of Debilitation and begin reading...
You add the spells Slow, Vampiric Draining and Confusing Touch to your library.
Nothing quivered!
Found a stone staircase leading down.
A rat comes into view.
You see here a +0 whip.
You hit the rat. The rat bites you but does no damage.
You hit the rat.
You kill the rat!
You see here a rat corpse.
An endoplasm comes into view.
The endoplasm quivers.
You hit the endoplasm. The endoplasm freezes you.
You are frozen.
You take 4 damage, and have 17/21 hp.
You hit the endoplasm.
You kill the endoplasm!
A hobgoblin comes into view.
The hobgoblin shouts!
A hobgoblin comes into view.
The hobgoblin shouts!
You hit the hobgoblin but do no damage.
An endoplasm comes into view.
The hobgoblin hits you.
You take 4 damage, and have 14/21 hp.
You barely miss the hobgoblin. The hobgoblin closely misses you.
You hit the hobgoblin but do no damage. The hobgoblin hits you.
You take 3 damage, and have 11/21 hp.
You closely miss the hobgoblin. The hobgoblin barely misses you. x3
The hobgoblin hits you.
You hit the hobgoblin. The hobgoblin closely misses you.
The hobgoblin hits you.
You take 2 damage, and have 9/21 hp.
Unknown command.
You closely miss the hobgoblin. The hobgoblin barely misses you.
The hobgoblin hits you but does no damage.
You hit the hobgoblin.
You kill the hobgoblin!
You block the hobgoblin's attack.
You hit the endoplasm. The hobgoblin hits you. The endoplasm freezes you.
You are frozen.
* * * LOW HITPOINT WARNING * * *
You take 3 damage, and have 6/21 hp.
You hit the endoplasm.
You kill the endoplasm!
You block the hobgoblin's attack.
The hobgoblin hits you but does no damage.
You block the hobgoblin's attack.
The hobgoblin hits you but does no damage.
Unknown command.
You closely miss the hobgoblin. The hobgoblin closely misses you.
You puncture the hobgoblin!
You kill the hobgoblin!
You see here a hobgoblin corpse.
A goblin comes into view. It is wielding a +0 dagger.
The goblin shouts!
You see here a fuming brown potion.
The goblin hits you with a +0 dagger.
* * * LOW HITPOINT WARNING * * *
You take 1 damage, and have 6/21 hp.
You closely miss the goblin. The goblin hits you but does no damage.
You hit the goblin. The goblin hits you with a +0 dagger.
* * * LOW HITPOINT WARNING * * *
The goblin barely misses you.
You take 1 damage, and have 5/21 hp.
You closely miss the goblin. You block the goblin's attack.
You barely miss the goblin. The goblin hits you with a +0 dagger.
* * * LOW HITPOINT WARNING * * *
You take 1 damage, and have 4/21 hp.
You closely miss the goblin. The goblin hits you with a +0 dagger.
* * * LOW HITPOINT WARNING * * *
You take 3 damage, and have 1/21 hp.
You closely miss the goblin. The goblin closely misses you.
You closely miss the goblin. The goblin hits you with a +0 dagger.
You die...

......... #. +... .........
#..++++ ##.:.....# ......
.........# ## ####.#..
##.......#####... ........
#................ ####.##.
#................ ........
#.)......!######## #####.#.
#.........@g...... ....#.#.
##................. ..#.# #.
...........######### #.#.#
#. ###.#............#
#.#.#.#.
#.#.....†......#####.#.#.#.
.........................#.
........#####$#######.#.###.
....##### #... #....†.) ....
#.### ###>####


You could see a goblin.

Vanquished Creatures
  2 endoplasms (D:1)
  2 hobgoblins (D:1)
  A rat (D:1)
5 creatures vanquished.

Notes
Turn   | Place    | Note
-------+----------+-------------------------------------------
     0 | D:1      | domi the Naga Fighter began the quest for the Orb.
     0 | D:1      | Reached XP level 1. HP: 21/21 MP: 1/1
    76 | D:1      | HP: 5/21 [goblin/+0 dagger (1)]
    79 | D:1      | HP: 1/21 [goblin/+0 dagger (3)]
    81 | D:1      | Slain by a goblin

Illustrated notes

Levels and vault maps discovered:
D:1:      lightli_arrival_maybe_door_vault, layout_basic, serial_shops, shop

Action                   || total
-------------------------++-------
Melee: Rapier            ||    22
Armor: Scale mail        ||     5
Dodge: Dodged            ||     9
Block: Buckler           ||     4

Table legend: (Time is in decaauts)
 A = Elapsed time spent in this place.
 B = Non-inter-level travel time spent in this place.
 C = Inter-level travel time spent in this place.
 D = Time resting spent in this place.
 E = Time spent auto-exploring this place.
 F = Levels seen in this place.
 G = Mean time per level.
                   A        B        C        D        E       F      G
               +--------+--------+--------+--------+--------+-----+--------+
         Total |    107 |    107 |      0 |      0 |      0 |   1 |  107.0 |
       Dungeon |    107 |    107 |      0 |      0 |      0 |   1 |  107.0 |
               +--------+--------+--------+--------+--------+-----+--------+

Top non-repeatable levels by time:
     D:1: 107 daAuts

Table legend:
 A = Kills in this place as a percentage of kills in entire the game.
 B = Kills by you in this place as a percentage of kills by you in the entire game.
 C = Kills by friends in this place as a percentage of kills by friends in the entire game.
 D = Other kills in this place as a percentage of other kills in the entire game.
 E = Experience gained in this place as a percentage of experience gained in the entire game.
 F = Experience gained in this place divided by the number of levels of this place that you have seen.
                   A       B       C       D       E      F
               +-------+-------+-------+-------+-------+----------------------
         Total | 100.0 | 100.0 |   N/A |   N/A | 100.0 |   9.0
       Dungeon | 100.0 | 100.0 |   N/A |   N/A | 100.0 |   9.0
               +-------+-------+-------+-------+-------+----------------------
